 Dungeon Crawl Stone Soup version 0.31-a0-1626-g5cb510d322 (webtiles) character file.

Game seed: 18216120301727705870

772 runemasterragnar the Ruffian (level 7, -4/48 HPs)
             Began as an Octopode Shapeshifter on Jan 12, 2024.
             Slain by an ogre
             ... wielding a +0 giant club
              (30 damage)
             ... on level 5 of the Dungeon.
             The game lasted 00:05:20 (5292 turns).

runemasterragnar the Ruffian (OpSh)                 Turns: 5292, Time: 00:05:20

Health: -4/48      AC:  5    Str: 13    XL:     7   Next: 83%
Magic:  7/7        EV: 14    Int: 14    God:
Gold:   225        SH:  0    Dex: 12    Spells: 6/6 levels left

rFire   . .          .
                       - Unarmed
rCold   . . .        (no shield)
rNeg    . . .        (helmet currently unavailable)
rPois   +            (no amulet)
rElec   .            q - +4 ring of protection
rCorr   .            n - ring of flight
SInv    .            r - ring of poison resistance
Will    .....        (no ring)
Stlth   +++          (no ring)
HPRegen 0.28/turn    (no ring)
MPRegen 0.10/turn    (no ring)
                     (no ring)

%: no passive effects
@: beast-form, flying
A: beast (slay +2), almost no armour, amphibious, 8 rings, camouflage 1,
gelatinous body 1, (nimble swimmer 1), tentacles
a: Begin Untransformation


You were on level 5 of the Dungeon.
You were a hulking beast.
You visited 1 branch of the dungeon, and saw 5 of its levels.

You collected 225 gold pieces.

Inventory:

Hand Weapons
 k - the +1 dagger "Kygg" {flame, rF+ Str+3}
   (You found it on level 3 of the Dungeon)

   Str+3:     It affects your strength (+3).
   rF+:       It protects you from fire.
Magical Staves
 f - a staff of alchemy
Jewellery
 n - a ring of flight (right tentacle)
 q - a +4 ring of protection (left tentacle)
 r - a ring of poison resistance (on tentacle)
Talismans
 b - a beast talisman
 c - a flux talisman
Wands
 p - a wand of mindburst (15)
Scrolls
 e - a scroll of immolation
 h - a scroll of silence {unknown}
 i - 2 scrolls of vulnerability {unknown}
 j - a scroll of noise {unknown}
 l - a scroll of brand weapon {unknown}
 m - 3 scrolls of fog
 o - a scroll of enchant weapon {unknown}
 s - a scroll of blinking {unknown}
 t - a scroll of identify
Potions
 a - 3 potions of lignification
 d - a potion of haste
 g - a potion of invisibility


   Skills:
 * Level 4.2 Fighting
 + Level 3.5 Dodging
 + Level 3.9 Stealth
 * Level 5.0 Unarmed Combat
 * Level 4.8 Shapeshifting


You had 6 spell levels left.
You didn't know any spells.
Your spell library contained the following spells:

 Spells                   Type           Power      Damage    Failure   Level
 Apportation              Tloc           0%         N/A       28%         1
 Kiss of Death            Conj/Necr      0%         2d5       28%         1
 Jinxbite                 Hex            0%         N/A       41%         2
 Confusing Touch          Hex            0%         N/A       65%         3
 Hailstorm                Conj/Ice       0%         3d5       65%         3
 Summon Ice Beast         Ice/Summ       0%         N/A       65%         3
 Dispel Undead            Necr           0%         3d6       96%         4
 Alistair's Intoxication  Alch           0%         N/A       100%        5
 Sculpt Simulacrum        Ice/Alch       0%         N/A       100%        6


Dungeon Overview and Level Annotations

Branches:
Dungeon (5/15)
 Temple: D:4-7

Altars:
Kikubaaqudgha
Ru

Shops:
D:1 =


Innate Abilities, Weirdness & Mutations

You are a hulking beast.
Your limbs bulge with bestial killing power. (Slay +2)
You cannot wear most types of armour.
You are amphibious.
You can wear up to eight rings at the same time.
Your skin changes colour to match your surroundings (Stealth+).
Your rubbery body absorbs attacks. (AC +1, EV +1)
((You are camouflaged when in or above water. (Stealth+)))
You have tentacles for arms and can constrict up to eight enemies at once.


Message History

The orc shouts! x2
An orc comes into view. It is wielding a +0 long sword.
An orc comes into view. It is wielding a +0 dagger.
There are monsters nearby!
You barely miss the orc.
The orc shouts!
You grab the orc. You constrict the orc. The orc hits you with a +0 flail!
The orc closely misses you.
There are monsters nearby!
You bludgeon the orc!
You kill the orc!
The orc hits you with a +0 hand axe.
You bludgeon the orc!
You kill the orc!
The orc misses you. The orc hits you with a +0 long sword.
You tentacle-slap the orc but do no damage.
Your grab misses the orc.
You tentacle-slap the orc, but do no damage.
The orc hits you with a +0 dagger. The orc closely misses you.
Unknown command.
You closely miss the orc. Your grab misses the orc.
The orc hits you but does no damage. The orc barely misses you.
You tentacle-slap the orc. You grab the orc.
The orc is heavily wounded.
You constrict the orc. The orc barely misses you.
The orc hits you with a +0 long sword!
An ogre comes into view. It is wielding a +0 giant club.
The ogre shouts!
You tentacle-slap the orc but do no damage.
The orc is severely wounded.
You constrict the orc.
You kill the orc!
The orc closely misses you.
You tentacle-slap the orc. Your grab misses the orc. You squeeze the orc.
You kill the orc!
Things that are here:
8 gold pieces; a +0 long sword; a +0 leather armour The ogre hits you with a +0 giant club!!
Ouch! That really hurt!
You die...

..........# .. ....#.#..#
#......o ...#.... +......#
....#+#+##.#.#.####...#o.
....#.#.##...#.#........
....#.#.###....รท.....#.###
............[......#.#...#.#
..............#O..[........#
.............#>#h..#.###.#####
......).......#.......?..#...
.................$))######.###.#
.................).............#
............)......#.......#
...................#....))<#
...................#.......####
...................####.......#
...................# #.......+


You could see an ogre.

Vanquished Creatures
  An ogre (D:5)
  A scorpion (D:4)
  A bullfrog (D:4)
  4 hounds
  A jelly (D:5)
  4 orc priests
  An iguana (D:4)
  2 orc wizards
  Robin (D:3)
  5 gnolls
  2 adders
  A white imp (D:5)
  4 dart slugs
  12 orcs
  7 ball pythons
  13 bats
  8 endoplasms
  4 giant cockroaches
  16 goblins
  6 hobgoblins
  6 jackals
  7 quokkas
  2 frilled lizards (D:1)
  10 kobolds
  4 rats
123 creatures vanquished.

Notes
Turn   | Place    | Note
-------+----------+-------------------------------------------
     0 | D:1      | runemasterragnar the Octopode Shapeshifter began the quest
                  | for the Orb.
     0 | D:1      | Reached XP level 1. HP: 13/13 MP: 1/1
   100 | D:1      | Reached XP level 2. HP: 8/18 MP: 2/2
   283 | D:1      | Reached XP level 3. HP: 19/23 MP: 3/3
   509 | D:1      | Found Gigoti Haes's Jewellery Shoppe.
   975 | D:2      | Reached skill level 1 in Stealth
  1207 | D:2      | Reached XP level 4. HP: 29/29 MP: 4/4
  1431 | D:3      | Identified the +1 dagger "Kygg" {flame, rF+ Str+3}
  1502 | D:3      | Found a faded altar of an unknown god.
  2060 | D:3      | Reached XP level 5. HP: 16/35 MP: 5/5
  2453 | D:3      | Noticed Robin
  2463 | D:3      | Killed Robin
  2583 | D:3      | Found an ancient bone altar of Kikubaaqudgha.
  2622 | D:3      | Found a sacrificial altar of Ru.
  2939 | D:4      | Reached skill level 4 in Unarmed Combat
  2943 | D:4      | Reached XP level 6. HP: 27/42 MP: 6/6
  4177 | D:4      | Reached XP level 7. HP: 33/46 MP: 7/7
  4816 | D:5      | Entered Level 5 of the Dungeon
  4961 | D:5      | Reached skill level 5 in Unarmed Combat
  5292 | D:5      | Slain by an ogre

Illustrated notes

Levels and vault maps discovered:
D:1:      dpeg_arrival_tiny_h, layout_basic, serial_shops,
          nicolae_shop_competitors_out_of_business, chequers_decorated_corner,
          minmay_door_square
D:2:      layout_basic
D:3:      cheibrodos_old_hovel, layout_rooms,
          mainiacjoe_overflow_catch_the_wave, chequers_ecumenical_altar_simple,
          uniq_robin
D:4:      layout_basic
D:5:      layout_basic, st_stairs_14

Skill      XL: |  1  2  3  4  5  6  7 |
---------------+----------------------+-----
Stealth        | 1 2 3 |  3.9
Fighting       | 2 3 4 |  4.2
Unarmed Combat | 4 5 |  5.0
Shapeshifting  | 4 |  4.8
Dodging        | 3 |  3.5

Action                     |  1- 3 |  4- 6 |  7- 9 || total
---------------------------+-------+-------+-------++-------
  Melee: Unarmed           |    69 |   139 |    43 ||   251
         Tentacles         |    15 |    24 |    14 ||    53
         Constrict         |    13 |    36 |    12 ||    61
         Punch             |     1 |     4 |     2 ||     7
  Evoke: Wand              |       |       |     5 ||     5
    Use: Scroll            |       |     4 |     1 ||     5
   Stab: Sleeping          |     4 |     8 |     2 ||    14
 Armour: Skin              |    25 |    82 |    19 ||   126
  Dodge: Dodged            |    41 |   105 |    26 ||   172

Table legend: (Time is in decaauts)
 A = Elapsed time spent in this place.
 B = Non-inter-level travel time spent in this place.
 C = Inter-level travel time spent in this place.
 D = Time resting spent in this place.
 E = Time spent auto-exploring this place.
 F = Levels seen in this place.
 G = Mean time per level.
                   A        B        C        D        E       F      G
               +--------+--------+--------+--------+--------+-----+--------+
         Total |   5275 |   5138 |    137 |   1277 |   2957 |   5 | 1055.0 |
       Dungeon |   5275 |   5138 |    137 |   1277 |   2957 |   5 | 1055.0 |
               +--------+--------+--------+--------+--------+-----+--------+

Top non-repeatable levels by time:
     D:4: 1875 daAuts
     D:2: 1057 daAuts
     D:3: 1026 daAuts
     D:1: 843 daAuts
     D:5: 472 daAuts
